BSA
BAFFIN ISLAND BEAVERS @ BOSTON REBELS
04/25/2026
 
TOP OF THE 1ST
Baffin Island Beavers batting - Pitching for Boston Rebels : LHP José Hidalgo
Pitching: LHP José Hidalgo
Batting: RHB Dave Craig 0-0: Called Strike
0-1: Ball
1-1: Swinging Strike
1-2: Ball
2-2: Foul Ball, location: 2F
2-2: Strikes out looking
Batting: LHB Jeff Cole 0-0: Ball
1-0: Called Strike
1-1: Foul Ball, location: 2F
1-2: Foul Ball, location: 2F
1-2: Strikes out swinging
Batting: RHB Tony Morton 0-0: DOUBLE (Popup, 9LS)
Batting: RHB Dexter Potter 0-0: Ball
1-0: Called Strike
1-1: Ball
2-1: Reached on error, E5 (Groundball, 56S)
Tony Morton to third
Batting: LHB Lorenzo Villa 0-0: Ground out 1-3 (Groundball, 13)
Top of the 1st over - 0 run(s), 1 hit(s), 1 error(s), 2 left on base; Baffin Island 0 - Boston 0
BOTTOM OF THE 1ST
Boston Rebels batting - Pitching for Baffin Island Beavers : LHP Marcos Benítez
Pitching: LHP Marcos Benítez
Batting: LHB Bill Wilson 0-0: Ground out 6-3 (Groundball, 6M)
Batting: RHB Ronnie Brown 0-0: Ball
1-0: Ball
2-0: Called Strike
2-1: Ground out 4-3 (Groundball, 4)
Batting: LHB Tony Ramírez 0-0: DOUBLE (Flyball, 7LS)
Batting: LHB Ricardo Brandariz 0-0: Ball
1-0: Called Strike
1-1: SINGLE (Line Drive, 6D)
Tony Ramírez to third
Runner from 3rd tries for Home, SAFE, no throw or cutoff
Batting: LHB Lorenzo Flores 0-0: Ball
1-0: Foul Ball, location: 2F
1-1: Called Strike
1-2: Fly out, F9 (Line Drive, 89D)
Bottom of the 1st over - 1 run(s), 2 hit(s), 0 error(s), 1 left on base; Baffin Island 0 - Boston 1
TOP OF THE 2ND
Baffin Island Beavers batting - Pitching for Boston Rebels : LHP José Hidalgo
Batting: RHB Mario López 0-0: Foul Ball, location: 2F
0-1: Foul Ball, location: 2F
0-2: Ball
1-2: Foul Ball, location: 2F
1-2: Foul Ball, location: 2F
1-2: Foul Ball, location: 2F
1-2: Ball
2-2: Ground out 6-3 (Groundball, 6)
Batting: LHB Keng-chi Lao 0-0: Called Strike
0-1: Fly out, F7 (Line Drive, 78D)
Batting: LHB José Berroa 0-0: Ground out 1-3 (Groundball, 25)
Top of the 2nd over - 0 run(s), 0 hit(s), 0 error(s), 0 left on base; Baffin Island 0 - Boston 1
BOTTOM OF THE 2ND
Boston Rebels batting - Pitching for Baffin Island Beavers : LHP Marcos Benítez
Batting: LHB Stanley Mullins 0-0: Ball
1-0: Foul Ball, location: 2F
1-1: SINGLE (Groundball, 34S)
Batting: SHB Javier Villegas 0-0: Ground out 5-3 (Groundball, 5S)
Stanley Mullins to second
Batting: RHB Clancy Booker 0-0: Foul Ball, location: 2F
0-1: Ball
1-1: Ball
2-1: Foul Ball, location: 2F
2-2: Strikes out looking
Batting: RHB Rubén Matos 0-0: Called Strike
0-1: Ball
1-1: SINGLE (Line Drive, 4M)
Stanley Mullins to third
Runner from 3rd tries for Home, SAFE, no throw or cutoff
Batting: LHB Bill Wilson 0-0: Called Strike
0-1: Ball
1-1: Foul Ball, location: 2F
1-2: SINGLE (Groundball, 56D) (infield hit)
Rubén Matos to second
Batting: RHB Ronnie Brown 0-0: Called Strike
0-1: Ground out 3-1 (Groundball, 34)
Bottom of the 2nd over - 1 run(s), 3 hit(s), 0 error(s), 2 left on base; Baffin Island 0 - Boston 2
TOP OF THE 3RD
Baffin Island Beavers batting - Pitching for Boston Rebels : LHP José Hidalgo
Batting: LHB Mario García 0-0: Called Strike
0-1: Ball
1-1: SINGLE (Line Drive, 9S)
Batting: RHB Dave Craig 0-0: Ball
1-0: Ball
2-0: Called Strike
2-1: Foul Ball, location: 2F
2-2: SINGLE (Groundball, 15) (infield hit)
Mario García to second
Batting: LHB Jeff Cole 0-0: Ball
1-0: Called Strike
1-1: Grounds into double play, 6-4-3 (Groundball, 6)
Mario García to third
Batting: RHB Tony Morton 0-0: Ball
1-0: Called Strike
1-1: Foul Ball, location: 2F
1-2: Foul Ball, location: 2F
1-2: SINGLE (Line Drive, 89S)
Mario García scores
Batting: RHB Dexter Potter 0-0: Called Strike
0-1: Ball
1-1: Ball
2-1: Ball
3-1: Swinging Strike
3-2: Ground out 6-3 (Groundball, 6MS)
Top of the 3rd over - 1 run(s), 3 hit(s), 0 error(s), 1 left on base; Baffin Island 1 - Boston 2
BOTTOM OF THE 3RD
Boston Rebels batting - Pitching for Baffin Island Beavers : LHP Marcos Benítez
Batting: LHB Tony Ramírez 0-0: Ball
1-0: Swinging Strike
1-1: SINGLE (Groundball, 56D)
Batting: LHB Ricardo Brandariz 0-0: Called Strike
0-1: Ball
1-1: Foul Ball, location: 2F
1-2: Strikes out swinging
Batting: LHB Lorenzo Flores 0-0: Ball
1-0: Called Strike
1-1: Called Strike
1-2: Foul Ball, location: 2F
1-2: Strikes out swinging
Batting: LHB Stanley Mullins 0-0: Ball
1-0: Ball
2-0: Called Strike
2-1: Called Strike
2-2: Foul Ball, location: 2F
2-2: Strikes out swinging
Bottom of the 3rd over - 0 run(s), 1 hit(s), 0 error(s), 1 left on base; Baffin Island 1 - Boston 2
TOP OF THE 4TH
Baffin Island Beavers batting - Pitching for Boston Rebels : LHP José Hidalgo
Batting: LHB Lorenzo Villa 0-0: Ball
1-0: Foul Ball, location: 2F
1-1: SINGLE (Line Drive, 4D)
Batting: RHB Mario López 0-0: Grounds into double play, 5-4-3 (Groundball, 56)
Batting: LHB Keng-chi Lao 0-0: Ground out 5-3 (Groundball, 15S)
Top of the 4th over - 0 run(s), 1 hit(s), 0 error(s), 0 left on base; Baffin Island 1 - Boston 2
BOTTOM OF THE 4TH
Boston Rebels batting - Pitching for Baffin Island Beavers : LHP Marcos Benítez
Batting: SHB Javier Villegas 0-0: Foul Ball, location: 2F
0-1: Foul Ball, location: 2F
0-2: Fly out, F1 (Line Drive, 13S)
Batting: RHB Clancy Booker 0-0: Ball
1-0: Ground out 5-3 (Groundball, 5L)
Batting: RHB Rubén Matos 0-0: Ball
1-0: Ball
2-0: SINGLE (Groundball, 4MD)
Batting: LHB Bill Wilson 0-0: Ground out U3 (Groundball, 3L)
Bottom of the 4th over - 0 run(s), 1 hit(s), 0 error(s), 1 left on base; Baffin Island 1 - Boston 2
TOP OF THE 5TH
Baffin Island Beavers batting - Pitching for Boston Rebels : LHP José Hidalgo
Batting: LHB José Berroa 0-0: Foul Ball, location: 2F
0-1: Ball
1-1: Foul Ball, location: 2F
1-2: Ball
2-2: SINGLE (Flyball, 8RS)
Batting: LHB Mario García 0-0: Ball
1-0: Called Strike
1-1: Ball
2-1: Foul Ball, location: 2F
2-2: Grounds into double play, 1-4-3 (Groundball, 23)
Batting: RHB Dave Craig 0-0: Ball
1-0: Ball
2-0: Swinging Strike
2-1: Foul Ball, location: 2F
2-2: DOUBLE (Groundball, 5L)
Batting: LHB Jeff Cole 0-0: Foul Ball, location: 2F
0-1: Ball
1-1: Fly out, F7 (Flyball, 7LD)
Top of the 5th over - 0 run(s), 2 hit(s), 0 error(s), 1 left on base; Baffin Island 1 - Boston 2
BOTTOM OF THE 5TH
Boston Rebels batting - Pitching for Baffin Island Beavers : LHP Marcos Benítez
Batting: RHB Ronnie Brown 0-0: Foul Ball, location: 2F
0-1: Ball
1-1: Ground out 6-3 (Groundball, 6)
Batting: LHB Tony Ramírez 0-0: Ball
1-0: Fly out, F6 (Popup, 6)
Batting: LHB Ricardo Brandariz 0-0: Swinging Strike
0-1: Foul Ball, location: 2F
0-2: Ball
1-2: Foul Ball, location: 2F
1-2: Strikes out looking
Bottom of the 5th over - 0 run(s), 0 hit(s), 0 error(s), 0 left on base; Baffin Island 1 - Boston 2
TOP OF THE 6TH
Baffin Island Beavers batting - Pitching for Boston Rebels : LHP José Hidalgo
Batting: RHB Tony Morton 0-0: Swinging Strike
0-1: Called Strike
0-2: Ball
1-2: Strikes out swinging
Batting: RHB Dexter Potter 0-0: Ball
1-0: Foul Ball, location: 2F
1-1: Ground out 5-3 (Groundball, 5)
Batting: LHB Lorenzo Villa 0-0: Called Strike
0-1: Ball
1-1: Foul Ball, location: 2F
1-2: Ball
2-2: Ground out U3 (Groundball, 3S)
Top of the 6th over - 0 run(s), 0 hit(s), 0 error(s), 0 left on base; Baffin Island 1 - Boston 2
BOTTOM OF THE 6TH
Boston Rebels batting - Pitching for Baffin Island Beavers : LHP Marcos Benítez
Batting: LHB Lorenzo Flores 0-0: Ball
1-0: Called Strike
1-1: Called Strike
1-2: Ball
2-2: Ball
3-2: Strikes out swinging
Batting: LHB Stanley Mullins 0-0: Called Strike
0-1: Ball
1-1: Ball
2-1: Ball
3-1: Called Strike
3-2: DOUBLE (Line Drive, 9LS)
Batting: SHB Javier Villegas 0-0: Called Strike
Balk!
Stanley Mullins to third
0-1: Called Strike
0-2: Ground out 1-3 (Groundball, 15)
Batting: RHB Clancy Booker 0-0: Called Strike
0-1: Swinging Strike
0-2: Ball
1-2: Foul Ball, location: 2F
1-2: Ground out 4-3 (Groundball, 4)
Bottom of the 6th over - 0 run(s), 1 hit(s), 0 error(s), 1 left on base; Baffin Island 1 - Boston 2
TOP OF THE 7TH
Baffin Island Beavers batting - Pitching for Boston Rebels : LHP José Hidalgo
Batting: RHB Mario López 0-0: Ball
1-0: Ball
2-0: Called Strike
2-1: DOUBLE (Flyball, 89M)
Batting: LHB Keng-chi Lao 0-0: Foul Ball, location: 2F
0-1: SINGLE (Groundball, 34D)
Mario López to third
Runner from 3rd tries for Home, SAFE, no throw or cutoff
Batting: LHB José Berroa 0-0: Ball
1-0: Bunt missed!
1-1: Sac Bunt - play at first, batter OUT! 5-4
Keng-chi Lao to second
Batting: LHB Mario García 0-0: Ball
1-0: Ball
2-0: Called Strike
2-1: Ground out 6-3 (Groundball, 6M)
Keng-chi Lao to third
Batting: RHB Dave Craig 0-0: Ball
1-0: Ball
2-0: Ball
3-0: Base on Balls
Batting: LHB Jeff Cole 0-0: Called Strike
0-1: Ground out U3 (Groundball, 3S)
Top of the 7th over - 1 run(s), 2 hit(s), 0 error(s), 2 left on base; Baffin Island 2 - Boston 2
BOTTOM OF THE 7TH
Boston Rebels batting - Pitching for Baffin Island Beavers : LHP Marcos Benítez
Batting: RHB Rubén Matos 0-0: SINGLE (Groundball, 56D)
Batting: LHB Bill Wilson 0-0: Ball
1-0: Ball
2-0: Ball
3-0: Base on Balls
Rubén Matos to second
Batting: RHB Ronnie Brown 0-0: Swinging Strike
0-1: Fielders Choice at 2nd, 4-6 (Groundball, 34)
Rubén Matos to third
Pinch Hitting: RHB Roberto Chávez 0-0: Called Strike
0-1: Ball
1-1: Foul Ball, location: 2F
1-2: Ball
2-2: Strikes out swinging
Pinch Hitting: RHB Felipe Olivas 0-0: Ball
1-0: Called Strike
1-1: Ball
2-1: Swinging Strike
2-2: Strikes out looking
Bottom of the 7th over - 0 run(s), 1 hit(s), 0 error(s), 2 left on base; Baffin Island 2 - Boston 2
TOP OF THE 8TH
Baffin Island Beavers batting - Pitching for Boston Rebels : LHP José Hidalgo
Pitching: RHP Mark MacGruder
Now at SS: Felipe Olivas
Now in RF: Jeff Gordon
Batting: RHB Tony Morton 0-0: Ball
1-0: SOLO HOME RUN (Flyball, 89XD), Distance : 440 ft
Batting: RHB Dexter Potter 0-0: Fly out, F4 (Popup, 3L)
Batting: LHB Lorenzo Villa 0-0: Ball
1-0: Fly out, F9 (Line Drive, 89M)
Batting: RHB Mario López 0-0: Ground out 4-3 (Groundball, 34)
Top of the 8th over - 1 run(s), 1 hit(s), 0 error(s), 0 left on base; Baffin Island 3 - Boston 2
BOTTOM OF THE 8TH
Boston Rebels batting - Pitching for Baffin Island Beavers : LHP Marcos Benítez
Pitching: LHP Manuel Parra
Batting: LHB Lorenzo Flores 0-0: Ball
1-0: Called Strike
1-1: Ball
2-1: Ball
3-1: Foul Ball, location: 2F
3-2: Fly out, F9 (Flyball, 9M)
Batting: LHB Stanley Mullins 0-0: Called Strike
0-1: Ball
1-1: Ball
2-1: Foul Ball, location: 2F
2-2: Foul Ball, location: 2F
2-2: Ball
3-2: Strikes out swinging
Batting: SHB Javier Villegas 0-0: Foul Ball, location: 2F
0-1: Ball
1-1: DOUBLE (Line Drive, 8LD)
Pitching: RHP Eusébio Lagarto
Batting: RHB Clancy Booker 0-0: Called Strike
0-1: 2-RUN HOME RUN (Flyball, 78XD), Distance : 433 ft
Pitching: RHP Juan Gonzáles
Batting: RHB Rubén Matos 0-0: SINGLE (Groundball, 56D)
Batting: LHB Bill Wilson 0-0: Called Strike
0-1: Foul Ball, location: 2F
0-2: Foul Ball, location: 2F
0-2: Foul Ball, location: 2F
0-2: Ball
1-2: Ball
2-2: Foul Ball, location: 2F
2-2: Ball
3-2: Ground out 3-1 (Groundball, 34)
Bottom of the 8th over - 2 run(s), 3 hit(s), 0 error(s), 1 left on base; Baffin Island 3 - Boston 4
TOP OF THE 9TH
Baffin Island Beavers batting - Pitching for Boston Rebels : RHP Mark MacGruder
Pitching: RHP Dorian Hoskins
Batting: LHB Keng-chi Lao 0-0: Called Strike
0-1: Ground out 4-3 (Groundball, 4)
Batting: LHB José Berroa 0-0: Ball
1-0: Foul Ball, location: 2F
1-1: Called Strike
1-2: Foul Ball, location: 2F
1-2: Foul Ball, location: 2F
1-2: Ground out 1-3 (Groundball, 23)
Batting: LHB Mario García 0-0: Foul Ball, location: 2F
0-1: Ball
1-1: Foul Ball, location: 2F
1-2: Foul Ball, location: 2F
1-2: Ball
2-2: Ball
3-2: Strikes out swinging
Top of the 9th over - 0 run(s), 0 hit(s), 0 error(s), 0 left on base; Baffin Island 3 - Boston 4
Monday, December 5th, 2016 - OOTP Baseball 17.12 Build 75